 Dungeon Crawl Stone Soup version 0.22-a0-866-geee5034 (webtiles) character file.

3745 VLARC the Geomancer (level 10, -13/44 HPs)
             Began as a Vine Stalker Earth Elementalist on July 28, 2018.
             Was a Priest of Kikubaaqudgha.
             Mangled by a two-headed ogre
             ... wielding a +0 giant club
              (20 damage)
             ... on level 7 of the Dungeon.
             The game lasted 00:26:06 (9374 turns).

VLARC the Geomancer (VSEE)                          Turns: 9374, Time: 00:26:07

Health: -13/44     AC:  9    Str: 12    XL:     10   Next: 15%
Magic:  0/24       EV: 12    Int: 18    God:    Kikubaaqudgha [***...]
Gold:   367        SH:  0    Dex: 14    Spells: 4/27 levels left

rFire    + . .     SeeInvis .   h - +4 spear
rCold    . . .     Gourm    .   (no shield)
rNeg     . . .     Faith    .   B - +2 robe {rF+}
rPois    .         Spirit   +   t - +1 helmet
rElec    .         Reflect  .   p - +2 cloak
rCorr    .         Harm     .   (no gloves)
MR       ++...     Rnd*Tele +   (no boots)
Stlth    ++........             (no amulet)
HPRegen  0.54/turn              v - ring of teleportation (curse)
MPRegen  0.19/turn              n - ring of protection from magic

@: no status effects
A: fangs 3, regeneration 1, magic shield, antimagic bite, no potion heal 3, rot
immunity
a: Receive Corpses, Renounce Religion


You were on level 7 of the Dungeon.
You worshipped Kikubaaqudgha.
Kikubaaqudgha was most pleased with you.
You were near starving.

You visited 2 branches of the dungeon, and saw 9 of its levels.

You collected 367 gold pieces.

Inventory:

Hand Weapons
 h - a +4 spear (weapon)
Missiles
 b - 210 stones (quivered)
Armour
 p - a +2 cloak (worn)
 t - a +1 helmet (worn)
 B - a +2 robe of fire resistance (worn)
Magical Staves
 y - an uncursed staff of power
 E - an uncursed staff of fire
Jewellery
 c - an uncursed ring of resist corrosion {unknown}
 d - an uncursed ring of fire
 n - a ring of protection from magic (right hand)
 v - a cursed ring of teleportation (left hand)
 z - an uncursed ring of protection from magic
 D - an uncursed ring of see invisible {unknown}
 G - an uncursed ring of resist corrosion {unknown}
Wands
 e - a wand of flame (24)
 r - a wand of paralysis (19)
 u - a wand of disintegration (10)
Scrolls
 i - 3 scrolls of identify
 j - 2 scrolls of enchant weapon
 q - 2 scrolls of amnesia
 A - 2 scrolls of fog
 F - a scroll of teleportation
Potions
 a - a potion of berserk rage
 g - 2 potions of flight
 k - a potion of resistance {unknown}
 l - 4 potions of curing
 m - a potion of mutation
 o - 2 potions of lignification
 s - a potion of magic
 w - 2 potions of brilliance
 x - a potion of cancellation {unknown}
 C - a potion of agility
Comestibles
 f - 7 rations


   Skills:
 - Level 1.5 Dodging
 - Level 2.4 Stealth
 + Level 9.3 Spellcasting
 + Level 6.3 Necromancy
 - Level 1.0 Transmutations
 + Level 9.6 Earth Magic


You had 4 spell levels left.
You knew the following spells:

 Your Spells              Type           Power        Failure   Level  Hunger
a - Sandblast             Erth           #####.       1%          1    None
b - Stone Arrow           Conj/Erth      ####..       3%          3    None
c - Petrify               Tmut/Erth      ####....     10%         4    ###....
d - Lee's Rapid Deconstr  Erth           #####.....   4%          5    #####..
e - Animate Skeleton      Necr           N/A          1%          1    None
f - Animate Dead          Necr           N/A          6%          4    ###....
g - Borgnjor's Vile Clut  Necr/Erth      #####.....   9%          5    #####..

Your spell library contained the following spells:

 Spells                   Type           Power        Failure   Level  Hunger
 Apportation              Tloc           #.....       9%          1    None
 Confuse                  Hex            #.......     26%         3    None
 Summon Small Mammal      Summ           #...         9%          1    None
 Pain                     Necr           ####         1%          1    None
 Vampiric Draining        Necr           ####......   1%          3    None
 Dispel Undead            Necr           ####....     19%         5    #####..
 Regeneration             Chrm/Necr      ###.......   7%          3    None
 Sublimation of Blood     Necr           ####......   1%          2    None
 Agony                    Necr           ####....     19%         5    #####..
 Death Channel            Necr           ####......   69%         6    ######.
 Confusing Touch          Hex            #.....       9%          1    None
 Passwall                 Tmut/Erth      ####....     1%          2    None
 Metabolic Englaciation   Hex/Ice        #.........   94%         5    #####..
 Gell's Gravitas          Tloc           #.........   26%         3    None
 Yara's Violent Unravell  Hex/Tmut       ##........   88%         5    #####..


Dungeon Overview and Level Annotations

Branches:
Dungeon (8/15)             Temple (1/1) D:4
   Lair: D:8-11

Altars:
Cheibriados
Dithmenos
Elyvilon
Fedhas
Gozag
Hepliaklqana
Kikubaaqudgha
Nemelex Xobeh
Okawaru
Qazlal
Ru
Sif Muna
Trog
Uskayaw
Vehumet
Wu Jian
Xom
Yredelemnul
Zin
The Shining One

Shops:
D:5 %


Innate Abilities, Weirdness & Mutations

You have razor-sharp teeth.
Your natural rate of healing is unusually fast.
When hurt, damage is shared between your health and your magic reserves.
Your bite disrupts and absorbs the magic of your enemies.
Potions cannot restore your health.
You are immune to rotting.


Message History

There is a stone staircase leading down here.
You start resting.
HP restored.
You start resting.
Magic restored.
You climb downwards.
The two-headed ogre hits you with a giant club!
The two-headed ogre hits you with a giant club.
The orc warrior hits you from afar with a vampiric halberd!
There is a stone staircase leading up, spattered with blood here.
The two-headed ogre hits you with a giant club!
The two-headed ogre hits you with a giant club!!
* * * LOW HITPOINT WARNING * * *
The orc warrior hits you from afar with a vampiric halberd.
* * * LOW HITPOINT WARNING * * *
You climb upwards.
There is a stone staircase leading down here.
The two-headed ogre hits you with a giant club!!
You die...
Kikubaaqudgha rasps: "You have failed me!
Welcome... death!"

#.# #.# #...#
#.########.# #...#
#..........########
#..)# #
##########........#
##### # ###.######
# #.# #.# #.#
#@################
#>O...............
##################
###................
#........##########
#........((.#
#.......)##.#
#.......(##.#
#........##.#


You could see a two-headed ogre.

Vanquished Creatures
  A hornet (D:5)
  A hippogriff (D:7)
  A steam dragon (D:4)
  A black bear (D:7)
  2 sky beasts (D:6)
  3 orc warriors
  4 centaurs
  3 ogres
  A crocodile (D:8)
  2 bullfrogs (D:6)
  A wyvern zombie (D:7)
  6 killer bees
  Crazy Yiuf (D:7)
  2 bullfrog zombies
  A bullfrog skeleton (D:7)
  A hound (D:8)
  A jelly (D:8)
  7 orc priests
  8 orc wizards
  A centaur skeleton (D:5)
  3 iguanas
  Natasha (thrice) (D:3)
  4 worker ants
  12 adders
  3 shadow imps
  4 oozes
  2 adder skeletons (D:6)
  2 worms
  A dart slug (D:1)
  4 leopard geckos
  32 orcs
  8 giant cockroaches
  4 goblins
  6 hobgoblins
  20 jackals
  9 kobolds
  4 quokkas
  A ball python (D:3)
  8 bats
  2 frilled lizards
  A jackal skeleton (D:5)
  A jackal zombie (D:4)
  2 quokka zombies
  9 rats
193 creatures vanquished.

Vanquished Creatures (collateral kills)
  Duvessa (D:7)
  A sky beast (D:8)
  A centaur (D:8)
  A bullfrog (D:6)
  Dowan (D:7)
  A jelly (D:7)
  4 crimson imps
  A hound (D:8)
  A worker ant (D:6)
  A hound skeleton (D:7)
  An orc (D:6)
14 creatures vanquished.

Grand Total: 207 creatures vanquished

Notes
Turn   | Place    | Note
-------+----------+-------------------------------------------
     0 | D:1      | VLARC the Vine Stalker Earth Elementalist began the quest for the Orb.
     0 | D:1      | Reached XP level 1. HP: 9/9 MP: 4/4
   159 | D:1      | Reached XP level 2. HP: 13/13 MP: 4/6
   932 | D:1      | Reached XP level 3. HP: 4/16 MP: 0/8
  1473 | D:2      | Noticed a sky beast
  1731 | D:3      | Gained mutation: Your natural rate of healing is unusually fast. [Vine Stalker growth]
  1731 | D:3      | Reached XP level 4. HP: 17/21 MP: 7/10
  1866 | D:3      | Found a snail-covered altar of Cheibriados.
  1916 | D:3      | You fall through a shaft!
  1965 | D:4      | Reached XP level 5. HP: 8/24 MP: 3/11
  2131 | D:4      | Noticed an ogre
  2157 | D:4      | Noticed a steam dragon
  2246 | D:4      | Found a sparkling altar of Nemelex Xobeh.
  2367 | D:3      | Found a bloodstained altar of Trog.
  2564 | D:3      | Noticed Natasha
  2567 | D:3      | Killed Natasha
  2591 | D:3      | Noticed Natasha
  2600 | D:3      | Killed Natasha
  2600 | D:3      | Reached skill level 5 in Earth Magic
  2600 | D:3      | Reached XP level 6. HP: 28/28 MP: 10/13
  2628 | D:3      | Noticed Natasha
  2638 | D:3      | Killed Natasha
  2696 | D:3      | Learned a level 3 spell: Stone Arrow
  2701 | D:3      | Learned a level 4 spell: Petrify
  2707 | D:3      | Learned a level 5 spell: Lee's Rapid Deconstruction
  2837 | D:4      | Found a staircase to the Ecumenical Temple.
  2846 | Temple   | Entered the Ecumenical Temple
  2896 | Temple   | Became a worshipper of Kikubaaqudgha
  3685 | D:5      | Entered Level 5 of the Dungeon
  3870 | D:5      | Reached skill level 5 in Spellcasting
  4015 | D:5      | Reached XP level 7. HP: 32/32 MP: 14/16
  4400 | D:5      | Reached * piety under Kikubaaqudgha
  4400 | D:5      | Identified Kikubaaqudgha's Disquisition on Stolen Souls (Kikubaaqudgha gifted it to you on level 5 of the Dungeon)
  4400 | D:5      | Received a gift from Kikubaaqudgha
  4427 | D:5      | Found Fonn's Food Boutique.
  4578 | D:5      | Noticed a hornet
  4583 | D:5      | Paralysed by a hornet for 1 turns
  4584 | D:5      | Killed a hornet
  4584 | D:5      | Gained mutation: You have razor-sharp teeth. [Vine Stalker growth]
  4584 | D:5      | Reached XP level 8. HP: 26/36 MP: 8/18
  4960 | D:4      | Found a hide-covered altar of Uskayaw.
  5407 | D:4      | Reached skill level 1 in Necromancy
  5670 | D:6      | Learned a level 1 spell: Animate Skeleton
  5892 | D:6      | Reached ** piety under Kikubaaqudgha
  5920 | D:6      | Found a bloodstained altar of Trog.
  5920 | D:6      | Found an ornate altar of the Wu Jian Council.
  5963 | D:6      | Reached XP level 9. HP: 32/39 MP: 12/21
  6929 | D:7      | Learned a level 4 spell: Animate Dead
  7001 | D:7      | Found a shadowy altar of Dithmenos.
  7014 | D:7      | Noticed Dowan
  7018 | D:7      | Noticed Duvessa
  7033 | D:7      | Killed Duvessa
  7034 | D:7      | Killed Dowan
  7144 | D:7      | Reached skill level 5 in Necromancy
  7225 | D:7      | Reached *** piety under Kikubaaqudgha
  7225 | D:7      | Identified Kikubaaqudgha's Grimoire of Black Rituals (Kikubaaqudgha gifted it to you on level 7 of the Dungeon)
  7225 | D:7      | Received a gift from Kikubaaqudgha
  7233 | D:7      | Learned a level 5 spell: Borgnjor's Vile Clutch
  7404 | D:7      | HP: 1/39 [poisoned by a killer bee]
  7978 | D:7      | Found a runed door.
  8267 | D:7      | Noticed Crazy Yiuf
  8282 | D:7      | Killed Crazy Yiuf
  8466 | D:8      | Reached XP level 10. HP: 44/44 MP: 10/24
  9244 | D:8      | Noticed a two-headed ogre
  9374 | D:7      | Mangled by a two-headed ogre

Vault maps used:
D:1:      ncdulo_smallfort
D:2:      hangedman_decor_push, minmay_misc_feat_cross, minmay_misc_feat_doors,
          st_stairs_8
D:3:      kb_forest_paths, cheibriados_altar_1, first_ration,
          trog_three_pillars_becter, uniq_natasha
D:4:      nemelex_xobeh_ov_fountains_minmay, lemuel_round_altar,
          minmay_temple_entry_statues_pillars
D:5:      serial_shops, nicolae_shop_stone
D:6:      amethyst_overflow_temple_binary
D:7:      black_bear_nest_2, old_standard_altar, minmay_misc_feat_four_crosses,
          uniq_duvessa, uniq_crazy_yiuf_cottage
Temple:   compressed_dpeg_circular_temple

Skill      XL: |  1  2  3  4  5  6  7  8  9 10 |
---------------+-------------------------------+-----
Spellcasting   | 3 4 5 6 7 9 |  9.3
Earth Magic    | 4 5 7 8 9 |  9.6
Necromancy     | 3 5 6 |  6.3
Dodging        | |  1.5
Stealth        | |  2.4
Transmutations | |  1.0

Action                   |  1- 3 |  4- 6 |  7- 9 | 10-12 || total
-------------------------+-------+-------+-------+-------++-------
Melee: Hand axe          |    24 |       |       |       ||    24
       Bite              |    14 |    17 |    62 |    12 ||   105
       Spear             |    55 |   140 |   301 |    44 ||   540
Throw: Stone             |       |     4 |     2 |       ||     6
 Cast: Sandblast         |    11 |    34 |    41 |     4 ||    90
       Animate Skeleton  |       |       |    15 |     2 ||    17
       Stone Arrow       |       |       |    18 |     9 ||    27
       Lee's Rapid Decon |       |       |     5 |       ||     5
       Petrify           |       |       |     8 |     1 ||     9
       Animate Dead      |       |       |     4 |     3 ||     7
       Borgnjor's Vile C |       |       |       |     2 ||     2
Evoke: Wand              |       |     2 |     1 |       ||     3
  Use: Scroll            |       |     1 |    15 |       ||    16
       Potion            |       |       |     2 |       ||     2
 Stab: Sleeping          |     7 |     7 |     3 |     1 ||    18
       Petrified         |       |       |    12 |       ||    12
  Eat: Chunk             |     2 |     8 |    10 |     2 ||    22
       Ration            |       |       |     2 |       ||     2
Armor: Robe              |    16 |    16 |    88 |    14 ||   134
Dodge: Dodged            |    43 |    60 |   194 |    32 ||   329

Table legend:
 A = Spawn XP
 B = Non-spawn XP
 C = Spawn XP percentage of total XP
 D = Spawn monster count
 E = Non-spawn monster count
 F = Spawn count percentage of total count
 G = Total turns spent on level
                    A         B        C        D         E        F      G
               +---------+---------+-------+---------+---------+-------+---------
         Total |       0 |    5350 |   0.0 |       0 |     207 |   0.0 |  9374
               +---------+---------+-------+---------+---------+-------+---------
           D:1 |       0 |      41 |   0.0 |       0 |      22 |   0.0 |  1425
           D:2 |       0 |      73 |   0.0 |       0 |      17 |   0.0 |   688
           D:3 |       0 |     214 |   0.0 |       0 |      33 |   0.0 |   927
           D:4 |       0 |     455 |   0.0 |       0 |      26 |   0.0 |  1152
           D:5 |       0 |     956 |   0.0 |       0 |      26 |   0.0 |  1267
           D:6 |       0 |    1464 |   0.0 |       0 |      42 |   0.0 |  1240
           D:7 |       0 |    1382 |   0.0 |       0 |      21 |   0.0 |  1784
           D:8 |       0 |     765 |   0.0 |       0 |      20 |   0.0 |   806
               +---------+---------+-------+---------+---------+-------+---------
